| TOP OF THE 1ST |
|
UCLA Bruins batting - Pitching for University of Arizona Wildcats : RHP Chris Galloway
|
|
Pitching: RHP Chris Galloway
|
|
|
Batting: LHB Mark Cummings
|
0-0: Swinging Strike 0-1: Called Strike 0-2: Ball 1-2: Ground out 4-3 (Groundball, 4S, EV 85.0 MPH)
|
|
Batting: RHB Ken Hillman
|
0-0: Ball 1-0: Called Strike 1-1: Ball 2-1: SINGLE (Line Drive, 56D, EV 98.1 MPH)
|
|
Batting: RHB Andy Knerr
|
0-0: Ball 1-0: Ball Ken Hillman steals 2nd base 2-0: Ball 3-0: Base on Balls
|
|
Batting: RHB Corey Bradley
|
0-0: Called Strike 0-1: Ball Ken Hillman steals 3rd base Andy Knerr to second 1-1: Ball 2-1: Ball 3-1: Base on Balls
|
|
Batting: SHB Sean Munns
|
0-0: Ball 1-0: Foul Ball, location: 2F 1-1: Ground out 6-3 (Groundball, P, EV 88.8 MPH) Ken Hillman scores Andy Knerr to third Corey Bradley to second
|
|
Batting: RHB Issac Konol
|
0-0: SINGLE (Groundball, 6D, EV 94.4 MPH) Andy Knerr scores Corey Bradley to third Runner from 3rd tries for Home, SAFE, throw by CF to home
|
|
Batting: LHB Scott Mullett
|
0-0: 2-RUN HOME RUN (Flyball, 89XD, EV 102.5 MPH), Distance : 411 ft
|
|
Batting: RHB Michael Alvarado
|
0-0: Ball 1-0: Called Strike 1-1: Swinging Strike 1-2: Foul Ball, location: 2F 1-2: Strikes out swinging
|
| Top of the 1st over - 5 runs, 3 hits, 0 errors, 0 left on base; UCLA 5 - University of Arizona 0 |
| BOTTOM OF THE 1ST |
|
University of Arizona Wildcats batting - Pitching for UCLA Bruins : RHP Billy McKinzie
|
|
Pitching: RHP Billy McKinzie
|
|
|
Batting: RHB Tatsuro Hamasaki
|
0-0: Called Strike 0-1: Ball 1-1: Ball 2-1: Foul Ball, location: 2F 2-2: SINGLE (Line Drive, 34, EV 104.4 MPH)
|
|
Batting: LHB Pascal Noël
|
0-0: Called Strike 0-1: Foul Ball, location: 2F 0-2: SINGLE (Line Drive, 7S, EV 91.2 MPH) Tatsuro Hamasaki to second
|
|
Batting: LHB Andrew Davis
|
0-0: Called Strike 0-1: Ball 1-1: Ball 2-1: Foul Ball, location: 2F 2-2: Ball 3-2: Foul Ball, location: 2F 3-2: Base on Balls Tatsuro Hamasaki to third Pascal Noël to second
|
|
Batting: LHB Mark Harris
|
0-0: SINGLE (Line Drive, 56D, EV 99.4 MPH) Tatsuro Hamasaki scores Pascal Noël to third Andrew Davis to second
|
|
Batting: RHB Larry Harlow
|
0-0: Ball 1-0: Foul Ball, location: 2F 1-1: Grounds into double play, 6-4-3 (Groundball, 6, EV 88.8 MPH) Pascal Noël scores Andrew Davis to third
|
|
Batting: LHB Lihau Keawe
|
0-0: Ball 1-0: Fly out, F8 (Line Drive, 8LM, EV 91.2 MPH)
|
| Bottom of the 1st over - 2 runs, 3 hits, 0 errors, 1 left on base; UCLA 5 - University of Arizona 2 |
| TOP OF THE 2ND |
|
UCLA Bruins batting - Pitching for University of Arizona Wildcats : RHP Chris Galloway
|
|
Batting: RHB Ivan Murillo
|
0-0: Ball 1-0: Foul Ball, location: 2F 1-1: Called Strike 1-2: Ball 2-2: Fly out, F8 (Flyball, 8LD, EV 88.1 MPH)
|
|
Batting: LHB Mark Cummings
|
0-0: Ball 1-0: Ground out U3 (Groundball, 3S, EV 81.9 MPH)
|
|
Batting: RHB Ken Hillman
|
0-0: Ball 1-0: Ball 2-0: Foul Ball, location: 2F 2-1: Fly out, F8 (Flyball, 8RXD, EV 109.4 MPH)
|
| Top of the 2nd over - 0 runs, 0 hits, 0 errors, 0 left on base; UCLA 5 - University of Arizona 2 |
| BOTTOM OF THE 2ND |
|
University of Arizona Wildcats batting - Pitching for UCLA Bruins : RHP Billy McKinzie
|
|
Batting: RHB Eddy Amaya
|
0-0: Ball 1-0: Swinging Strike 1-1: Foul Ball, location: 2F 1-2: Strikes out swinging
|
|
Batting: RHB Vince Parris
|
0-0: Foul Ball, location: 2F 0-1: Fly out, F7 (Flyball, 7D, EV 100.6 MPH)
|
|
Batting: LHB Jere Paatelainen
|
0-0: Ground out 6-3 (Groundball, 6, EV 80.6 MPH)
|
| Bottom of the 2nd over - 0 runs, 0 hits, 0 errors, 0 left on base; UCLA 5 - University of Arizona 2 |
| TOP OF THE 3RD |
|
UCLA Bruins batting - Pitching for University of Arizona Wildcats : RHP Chris Galloway
|
|
Batting: RHB Andy Knerr
|
0-0: Called Strike 0-1: Swinging Strike 0-2: Ball 1-2: Strikes out swinging
|
|
Batting: RHB Corey Bradley
|
0-0: Fly out, F5 (Popup, 56, EV 59.4 MPH)
|
|
Batting: SHB Sean Munns
|
0-0: Ball 1-0: Ball 2-0: Called Strike 2-1: Fly out, F8 (Flyball, 8LXD, EV 100.6 MPH)
|
| Top of the 3rd over - 0 runs, 0 hits, 0 errors, 0 left on base; UCLA 5 - University of Arizona 2 |
| BOTTOM OF THE 3RD |
|
University of Arizona Wildcats batting - Pitching for UCLA Bruins : RHP Billy McKinzie
|
|
Batting: RHB Tatsuro Hamasaki
|
0-0: Ball 1-0: Called Strike 1-1: Ball 2-1: SINGLE (Groundball, 6D, EV 96.2 MPH)
|
|
Batting: LHB Pascal Noël
|
0-0: Swinging Strike Tatsuro Hamasaki steals 2nd base 0-1: Ball 1-1: Ball 2-1: Ball 3-1: Foul Ball, location: 2F 3-2: Base on Balls
|
|
Batting: LHB Andrew Davis
|
0-0: Ball 1-0: Ball 2-0: Ball 3-0: Base on Balls Tatsuro Hamasaki to third Pascal Noël to second
|
|
Batting: LHB Mark Harris
|
0-0: Ball 1-0: Called Strike 1-1: Fly out, F8 (Flyball, 8LM, EV 89.4 MPH) Runner from 3rd tags up, SCORES, throw by CF
|
|
Batting: RHB Larry Harlow
|
0-0: Grounds into double play, 6-4-3 (Groundball, 6, EV 100.6 MPH)
|
| Bottom of the 3rd over - 1 run, 1 hit, 0 errors, 1 left on base; UCLA 5 - University of Arizona 3 |
| TOP OF THE 4TH |
|
UCLA Bruins batting - Pitching for University of Arizona Wildcats : RHP Chris Galloway
|
|
Batting: RHB Issac Konol
|
0-0: Ball 1-0: Called Strike 1-1: Ball 2-1: Ball 3-1: Foul Ball, location: 2F 3-2: Strikes out looking
|
|
Batting: LHB Scott Mullett
|
0-0: Called Strike 0-1: Foul Ball, location: 2F 0-2: Strikes out swinging
|
|
Batting: RHB Michael Alvarado
|
0-0: Ball 1-0: Fly out, F8 (Flyball, 8RD, EV 98.8 MPH)
|
| Top of the 4th over - 0 runs, 0 hits, 0 errors, 0 left on base; UCLA 5 - University of Arizona 3 |
| BOTTOM OF THE 4TH |
|
University of Arizona Wildcats batting - Pitching for UCLA Bruins : RHP Billy McKinzie
|
|
Batting: LHB Lihau Keawe
|
0-0: Ground out 4-3 (Groundball, 4, EV 82.5 MPH)
|
|
Batting: RHB Eddy Amaya
|
0-0: Called Strike 0-1: Hit by Pitch
|
|
Batting: RHB Vince Parris
|
0-0: TRIPLE (Line Drive, 8RXD, EV 106.2 MPH) Eddy Amaya scores
|
|
Batting: LHB Jere Paatelainen
|
0-0: Ball 1-0: Ball 2-0: Foul Ball, location: 2F 2-1: Foul Ball, location: 2F 2-2: Foul Ball, location: 2F 2-2: SINGLE (Line Drive, 6MD, EV 98.1 MPH) Vince Parris scores
|
|
Pitching: RHP Jan Marvel
|
|
|
Batting: RHB Tatsuro Hamasaki
|
0-0: TRIPLE (Flyball, 9LD, EV 108.8 MPH) Jere Paatelainen scores
|
|
Batting: LHB Pascal Noël
|
0-0: Called Strike 0-1: Called Strike 0-2: Ball 1-2: Ball 2-2: Strikes out swinging
|
|
Batting: LHB Andrew Davis
|
0-0: Called Strike 0-1: Foul Ball, location: 2F 0-2: Ball 1-2: Ball 2-2: Ball 3-2: Base on Balls
|
|
Batting: LHB Mark Harris
|
0-0: Fly out, F9 (Flyball, 9, EV 86.9 MPH)
|
| Bottom of the 4th over - 3 runs, 3 hits, 0 errors, 2 left on base; UCLA 5 - University of Arizona 6 |
| TOP OF THE 5TH |
|
UCLA Bruins batting - Pitching for University of Arizona Wildcats : RHP Chris Galloway
|
|
Batting: RHB Ivan Murillo
|
0-0: Ball 1-0: Called Strike 1-1: Swinging Strike 1-2: Strikes out swinging
|
|
Batting: LHB Mark Cummings
|
0-0: Called Strike 0-1: Swinging Strike 0-2: Ball 1-2: Fly out, F8 (Flyball, 78D, EV 105.0 MPH)
|
|
Batting: RHB Ken Hillman
|
0-0: Ball 1-0: Ball 2-0: Called Strike 2-1: Ground out 1-3 (Groundball, 34S, EV 56.9 MPH)
|
| Top of the 5th over - 0 runs, 0 hits, 0 errors, 0 left on base; UCLA 5 - University of Arizona 6 |
| BOTTOM OF THE 5TH |
|
University of Arizona Wildcats batting - Pitching for UCLA Bruins : RHP Jan Marvel
|
|
Batting: RHB Larry Harlow
|
0-0: Called Strike 0-1: Called Strike 0-2: Foul Ball, location: 2F 0-2: Ground out 6-3 (Groundball, 6, EV 95.6 MPH)
|
|
Batting: LHB Lihau Keawe
|
0-0: Ball 1-0: Foul Ball, location: 2F 1-1: Swinging Strike 1-2: Strikes out looking
|
|
Batting: RHB Eddy Amaya
|
0-0: Called Strike 0-1: Ball 1-1: Ball 2-1: Foul Ball, location: 2F 2-2: Ball 3-2: Fly out, F8 (Flyball, 8RXD, EV 105.6 MPH)
|
| Bottom of the 5th over - 0 runs, 0 hits, 0 errors, 0 left on base; UCLA 5 - University of Arizona 6 |
| TOP OF THE 6TH |
|
UCLA Bruins batting - Pitching for University of Arizona Wildcats : RHP Chris Galloway
|
|
Pitching: RHP Chris Obloy
|
|
|
Batting: RHB Andy Knerr
|
0-0: Foul Ball, location: 2F 0-1: Ball 1-1: Foul Ball, location: 2F 1-2: Ball 2-2: Fly out, F9 (Flyball, 89S, EV 94.4 MPH)
|
|
Batting: RHB Luis de Jesus
|
0-0: Fly out, F8 (Flyball, 8RD, EV 90.6 MPH)
|
|
Batting: SHB Sean Munns
|
0-0: SINGLE (Groundball, 34D, EV 97.5 MPH)
|
|
Batting: RHB Issac Konol
|
0-0: Ball 1-0: Fly out, F9 (Flyball, 9D, EV 103.1 MPH)
|
| Top of the 6th over - 0 runs, 1 hit, 0 errors, 1 left on base; UCLA 5 - University of Arizona 6 |
| BOTTOM OF THE 6TH |
|
University of Arizona Wildcats batting - Pitching for UCLA Bruins : RHP Jan Marvel
|
|
Batting: RHB Vince Parris
|
0-0: Called Strike 0-1: Swinging Strike 0-2: Ball 1-2: Ball 2-2: Ball 3-2: Foul Ball, location: 2F 3-2: Strikes out swinging
|
|
Batting: LHB Jere Paatelainen
|
0-0: Ball 1-0: Ball 2-0: Ball 3-0: Called Strike 3-1: Fly out, F8 (Line Drive, 8RM, EV 96.9 MPH)
|
|
Batting: RHB Tatsuro Hamasaki
|
0-0: SINGLE (Groundball, 4MD, EV 96.2 MPH)
|
|
Pitching: RHP Quincy Bowen
|
|
|
Batting: LHB Pascal Noël
|
0-0: Swinging Strike 0-1: Foul Ball, location: 2F 0-2: Foul Ball, location: 2F 0-2: Ball 1-2: Strikes out swinging
|
| Bottom of the 6th over - 0 runs, 1 hit, 0 errors, 1 left on base; UCLA 5 - University of Arizona 6 |
| TOP OF THE 7TH |
|
UCLA Bruins batting - Pitching for University of Arizona Wildcats : RHP Chris Obloy
|
|
Pitching: LHP Lance Freake
|
|
|
Batting: LHB Scott Mullett
|
0-0: Ball 1-0: Fly out, F8 (Flyball, 8LD, EV 88.8 MPH)
|
|
Pitching: LHP Jamal Jeter
|
|
|
Batting: RHB Michael Alvarado
|
0-0: Foul Ball, location: 2F 0-1: Ball 1-1: Ball 2-1: Ball 3-1: Foul Ball, location: 2F 3-2: Foul Ball, location: 2F 3-2: Foul Ball, location: 2F 3-2: SINGLE (Groundball, 4S, EV 68.1 MPH) (infield hit)
|
|
Batting: RHB Ivan Murillo
|
0-0: Called Strike 0-1: Ball 1-1: Ball 2-1: Called Strike 2-2: 2-RUN HOME RUN (Flyball, 9D, EV 103.1 MPH), Distance : 409 ft
|
|
Batting: LHB Mark Cummings
|
0-0: Ball 1-0: Ground out U3 (Groundball, 3, EV 78.1 MPH)
|
|
Batting: RHB Ken Hillman
|
0-0: Ball 1-0: Ground out 5-3 (Groundball, 56, EV 91.2 MPH)
|
| Top of the 7th over - 2 runs, 2 hits, 0 errors, 0 left on base; UCLA 7 - University of Arizona 6 |
| BOTTOM OF THE 7TH |
|
University of Arizona Wildcats batting - Pitching for UCLA Bruins : RHP Quincy Bowen
|
|
Batting: LHB Andrew Davis
|
0-0: Ball 1-0: Ball 2-0: Ball 3-0: Base on Balls
|
|
Batting: LHB Mark Harris
|
0-0: DOUBLE (Line Drive, 3D, EV 103.8 MPH) Andrew Davis to third
|
|
Batting: RHB Larry Harlow
|
0-0: Ball 1-0: Called Strike 1-1: Foul Ball, location: 2F 1-2: SINGLE (Line Drive, 4MD, EV 95.6 MPH) Andrew Davis scores Mark Harris to third
|
|
Batting: LHB Lihau Keawe
|
0-0: Ball 1-0: Ground out 4-3 (Groundball, 34S, EV 83.8 MPH) Larry Harlow to second
|
|
Batting: RHB Eddy Amaya
|
0-0: Ball 1-0: DOUBLE (Groundball, 5L, EV 104.4 MPH) Mark Harris scores Larry Harlow scores
|
|
Batting: RHB Vince Parris
|
0-0: Called Strike 0-1: Swinging Strike 0-2: Ball 1-2: Foul Ball, location: 2F 1-2: Ball 2-2: Fly out, F7 (Line Drive, 78D, EV 88.1 MPH)
|
|
Pitching: LHP Marcus Finch
|
|
|
Batting: LHB Jere Paatelainen
|
0-0: Ground out 4-3 (Groundball, 4, EV 83.1 MPH)
|
| Bottom of the 7th over - 3 runs, 3 hits, 0 errors, 1 left on base; UCLA 7 - University of Arizona 9 |
| TOP OF THE 8TH |
|
UCLA Bruins batting - Pitching for University of Arizona Wildcats : LHP Jamal Jeter
|
|
Pitching: LHP Victor Silva
|
|
|
Batting: RHB Andy Knerr
|
0-0: Ball 1-0: Foul Ball, location: 2F 1-1: Foul Ball, location: 2F 1-2: Strikes out looking
|
|
Batting: RHB Luis de Jesus
|
0-0: Swinging Strike 0-1: Foul Ball, location: 2F 0-2: Strikes out swinging
|
|
Batting: SHB Sean Munns
|
0-0: Ball 1-0: Ball 2-0: Called Strike 2-1: Ball 3-1: Foul Ball, location: 2F 3-2: Foul Ball, location: 2F 3-2: Fly out, F9 (Line Drive, 89D, EV 90.6 MPH)
|
| Top of the 8th over - 0 runs, 0 hits, 0 errors, 0 left on base; UCLA 7 - University of Arizona 9 |
| BOTTOM OF THE 8TH |
|
University of Arizona Wildcats batting - Pitching for UCLA Bruins : LHP Marcus Finch
|
|
Pitching: RHP Alex Rosales
|
|
|
Batting: RHB Tatsuro Hamasaki
|
0-0: Ball 1-0: Called Strike 1-1: Called Strike 1-2: Ball 2-2: SINGLE (Groundball, 56D, EV 102.5 MPH)
|
|
Batting: LHB Pascal Noël
|
0-0: Sac Bunt to 13S - play at first, batter OUT! 1-3 Tatsuro Hamasaki to second
|
|
Batting: LHB Andrew Davis
|
0-0: Intentional Walk
|
|
Batting: SHB George Grace
|
0-0: Grounds into double play, 6-4-3 (Groundball, 6, EV 111.2 MPH)
|
| Bottom of the 8th over - 0 runs, 1 hit, 0 errors, 1 left on base; UCLA 7 - University of Arizona 9 |
| TOP OF THE 9TH |
|
UCLA Bruins batting - Pitching for University of Arizona Wildcats : LHP Victor Silva
|
|
Pitching: RHP Carlos Maravilla
|
|
|
Batting: RHB Issac Konol
|
0-0: SINGLE (Line Drive, 89M, EV 91.2 MPH)
|
|
Batting: LHB Scott Mullett
|
0-0: Ball 1-0: Swinging Strike 1-1: Ball 2-1: Ball 3-1: Fielders Choice at 2nd, 5-4 (Groundball, 56, EV 96.2 MPH)
|
|
Pinch Hitting: SHB Mike Beck
|
0-0: Ball 1-0: Ball 2-0: Called Strike 2-1: Foul Ball, location: 2F 2-2: Ball 3-2: Fly out, F7 (Flyball, 78M, EV 78.1 MPH)
|
|
Pinch Hitting: RHB Dave Spradley
|
0-0: Ground out 5-3 (Groundball, 56S, EV 65.0 MPH)
|
| Top of the 9th over - 0 runs, 1 hit, 0 errors, 1 left on base; UCLA 7 - University of Arizona 9 |
|